 Dungeon Crawl Stone Soup version 0.17-a0-1248-g117de50 (webtiles) character file.

97 Xvorost the Skirmisher (level 4, 0/29 HPs)
             Began as a Gargoyle Fighter on June 5, 2015.
             Was an Initiate of Okawaru.
             Slain by Natasha (5 damage)
             ... on level 2 of the Dungeon.
             The game lasted 00:04:03 (1533 turns).

Xvorost the Skirmisher (Gargoyle Fighter)           Turns: 1533, Time: 00:04:03

Health: 0/29       AC: 13    Str: 19    XL:     4   Next: 68%
Magic:  4/4        EV:  7    Int:  9    God:    Okawaru [......]
Gold:   96         SH:  9    Dex: 10    Spells: 0 memorised, 3 levels left

rFire  + . .     SeeInvis .     a - +0 flail
rCold  . . .     Clarity  .     b - +0 scale mail
rNeg   + . .     SustAt   .     c - +0 shield
rPois  ∞         Gourm    .     s - +2 helmet
rElec  +         Spirit   .     (no cloak)
rCorr  .         Warding  .     (no gloves)
rMut   .         Stasis   .     (no boots)
MR     .....                    (no amulet)
Stlth  ..........               (no ring)
                                j - ring of protection from fire {rF+, !d}

@: not resistant to hostile enchantments, extremely unstealthy
A: negative energy resistance 1, electricity resistance, unbreathing,
petrification resistance, rot immunity, AC +3
a: Renounce Religion


You were on level 2 of the Dungeon.
You worshipped Okawaru.
Okawaru was noncommittal.
You were not hungry.

You visited 1 branch of the dungeon, and saw 2 of its levels.

You collected 96 gold pieces.

Inventory:

Hand weapons
 a - a +0 flail (weapon)
Armour
 b - a +0 scale mail (worn)
 c - a +0 shield (worn)
 n - a +0 ring mail
   (You found it on level 2 of the Dungeon)
 s - a +2 helmet (worn)
   (You took it off Robin on level 2 of the Dungeon)
Jewellery
 j - a ring of protection from fire (left hand) {rF+, !d}
   (You found it on level 1 of the Dungeon)
Scrolls
 g - 4 scrolls of identify {unknown}
 h - a scroll of noise {unknown}
 l - 2 scrolls of magic mapping {unknown}
 m - a scroll of amnesia {unknown}
 o - a scroll of enchant armour {unknown}
 r - a scroll of blinking {unknown}
Potions
 d - a potion of magic {unknown}
 i - a potion of curing
 k - a potion of heal wounds {unknown}
Comestibles
 e - a bread ration {@e1}
 f - 2 fruits
 p - a chunk of flesh {@w0}
 q - a meat ration {@e2}


   Skills:
 + Level 4.1 Fighting
 * Level 3.0 Maces & Flails
 + Level 3.6 Armour
 + Level 1.1 Dodging
 + Level 3.8 Shields


You had 3 spell levels left.
You didn't know any spells.

Dungeon Overview and Level Annotations

Branches:
Dungeon (2/15)

Altars:
Okawaru
Qazlal

Annotations:
D:2 Natasha


Innate Abilities, Weirdness & Mutations

You are resistant to torment.
Your stone body is resilient (AC +3).
You are immune to poison.
You resist negative energy.
You are resistant to electric shocks.
You can survive without breathing.
You are immune to petrification.
You are immune to rotting.


Message History

You now have 96 gold pieces (gained 12).
Items here: ))))) [[ †††††† You butcher the bat corpse.
p - 7 chunks of flesh {@w0} (gained 1)
Items here: ))))) [[ ††††† You butcher the goblin corpse.
p - 8 chunks of flesh {@w0} (gained 1)
Items here: ))))) [[ †††† You butcher the hobgoblin corpse.
p - 10 chunks of flesh {@w0} (gained 2)
Items here: ))))) [[ †††
Things that are here:
an uncursed dagger; an uncursed hunting sling of evasion; 12 sling bullets There isn't anything to butcher here.
There isn't anything to butcher here.
There isn't anything to butcher here.
There isn't anything to butcher here.
Items here: ))))) [[ ††† You butcher the rat corpse.
p - 11 chunks of flesh {@w0} (gained 1)
Items here: ))))) [[ †† You butcher the hobgoblin corpse.
You feel a little less mighty now.
p - 15 chunks of flesh {@w0} (gained 4)
Items here: ))))) [[ ÷ †
s - a shiny helmet You start putting on your armour.
You continue putting on your shiny helmet. x4
You finish putting on your +2 helmet.
Things that are here:
an uncursed dagger; an uncursed hunting sling of evasion; 12 sling bullets You start resting.
Eating one of 15 chunks of flesh {@w0}.
You continue eating. x2
Some of the chunks of flesh in your inventory have rotted away. x4
Health restored: 29
i - 2 metallic silvery potions (gained 1) All of the chunks of flesh in your inventory have rotted away.
g - 4 scrolls labeled FOCITHRAING (gained 1)
A hobgoblin comes into view.
The hobgoblin shouts!
The hobgoblin hits you but does no damage.
You hit the hobgoblin.
The hobgoblin hits you but does no damage.
You block the hobgoblin's attack.
You sock the hobgoblin!
You kill the hobgoblin!
Okawaru accepts your kill.
No target in view!
No target in view!
No target in view!
You see here a hobgoblin corpse.
You butcher the hobgoblin corpse.
p - a chunk of flesh {@w0} You see here a hobgoblin skeleton.
There isn't anything to butcher here.
A hobgoblin comes into view. It is wielding a club.
The hobgoblin shouts!
Natasha, Servant of Life and Death comes into view.
Natasha stares at you and mumbles some strange words.
The magic dart hits you!
You take 6 damage, and have 23/29 hp.
MASSIVE DAMAGE!!
You hit the hobgoblin. You block the hobgoblin's attack.
Natasha closely misses you.
You hit the hobgoblin but do no damage.
Natasha mumbles some strange words.
You block the hobgoblin's attack.
Natasha casts a spell.
You block the hobgoblin's attack.
A goblin comes into view. It is wielding a club.
The goblin shouts!
You hit the hobgoblin.
You kill the hobgoblin!
Okawaru accepts your kill. Natasha casts a spell at you.
The magic dart hits you!
The goblin drinks a potion.
The goblin flickers and vanishes!
Deactivating autopickup; reactivate with Ctrl-A.
Natasha claws you. The white imp gestures at you. The puff of frost hits you!
The crimson imp hits you but does no damage.
A jackal comes into view.
You see here a club.
You take 5 damage, and have 18/29 hp.
You hit Natasha.
Natasha stares at you and mumbles some strange words.
The magic dart hits you! The white imp gestures at you.
You block the puff of frost.
The crimson imp blinks!
Natasha claws you.
You take 8 damage, and have 10/29 hp.
MASSIVE DAMAGE!!
Drink which item? (? for menu, Esc to quit)
It was a potion of curing.
You feel better. The white imp gestures at you. The puff of frost hits you!
* * * LOW HITPOINT WARNING * * *
Natasha claws you.
You die...

#######.#...## .
###.......##...#
...##########.## ...#
#..# ###.########..##
.####.........##...####
.........5............#
##..........####÷####
#..§@......# #.#
.....#5h####### #.#
#### ##{# #.# #h. #.#
.(. ..# #### ..# ..#


You could see Natasha, a crimson imp, a white imp and a jackal.

Vanquished Creatures
  Robin (D:2)
  3 adders (D:2)
  2 oozes
  A worm (D:2)
  A giant gecko (D:1)
  4 bats
  A giant cockroach (D:1)
  11 hobgoblins
  3 jackals (D:2)
  2 kobolds
  2 giant newts (D:1)
  13 goblins
  2 rats
46 creatures vanquished.

Notes
Turn   | Place    | Note
--------------------------------------------------------------
     0 | D:1      | Xvorost the Gargoyle Fighter began the quest for the Orb.
     0 | D:1      | Reached XP level 1. HP: 14/14 MP: 1/1
   127 | D:1      | Reached XP level 2. HP: 10/19 MP: 2/2
   966 | D:1      | Reached XP level 3. HP: 23/23 MP: 3/3
   977 | D:2      | Found a stormy altar of Qazlal.
  1027 | D:2      | Found an iron altar of Okawaru.
  1035 | D:2      | Became a worshipper of Warmaster Okawaru
  1118 | D:2      | Reached XP level 4. HP: 25/29 MP: 4/4
  1139 | D:2      | Reached skill level 1 in Dodging
  1194 | D:2      | Noticed Robin
  1243 | D:2      | Killed Robin
  1243 | D:2      | Reached skill level 4 in Fighting
  1247 | D:2      | Reached skill level 3 in Maces & Flails
  1524 | D:2      | Noticed Natasha
  1533 | D:2      | HP: 5/29 [white imp/puff of frost[Natasha] (10)]
  1533 | D:2      | Slain by Natasha

Vault maps used:
D:1:      moated_graveyard_arrival, serial_bayou_ford_a
D:2:      overflow_temple_1_default, grunt_qazlal_sundering, uniq_natasha,
          uniq_robin

Action                   |  1- 3 |  4- 6 || total
-------------------------+-------+-------++-------
Melee: Flail             |   109 |    77 ||   186
  Use: Potion            |       |     2 ||     2
  Eat: Chunk             |       |     2 ||     2

Vault maps used:
D:1:      moated_graveyard_arrival, serial_bayou_ford_a
D:2:      overflow_temple_1_default, grunt_qazlal_sundering, uniq_natasha,
          uniq_robin

Table legend:
 A = Turns spent in this place as a percentage of turns spent in the entire game.
 B = Non-inter-level travel turns spent in this place as a percentage of non-inter-level travel turns spent in the entire game.
 C = Inter-level travel turns spent in this place as a percentage of turns spent in this place.
 D = Turns resting spent in this place as a percentage of non-inter-level travel turns spent in this place.
 E = Turns spent auto-exploring this place as a percentage of non-inter-level travel turns spent in this place.
 F = Non-inter-level travel turns spent in this place divided by the number of levels of this place that you've seen.
                   A       B       C       D       E      F
               +-------+-------+-------+-------+-------+----------------------
         Total | 100.0 | 100.0 |   0.2 |   1.2 |   8.9 | 241.0
       Dungeon | 100.0 | 100.0 |   0.2 |   1.2 |   8.9 | 241.0
               +-------+-------+-------+-------+-------+----------------------

Table legend:
 A = Kills in this place as a percentage of kills in entire the game.
 B = Kills by you in this place as a percentage of kills by you in the entire game.
 C = Kills by friends in this place as a percentage of kills by friends in the entire game.
 D = Other kills in this place as a percentage of other kills in the entire game.
 E = Experience gained in this place as a percentage of experience gained in the entire game.
 F = Experience gained in this place divided by the number of levels of this place that you have seen.
                   A       B       C       D       E      F
               +-------+-------+-------+-------+-------+----------------------
         Total | 100.0 | 100.0 |  -nan |  -nan | 100.0 |  69.5
       Dungeon | 100.0 | 100.0 |  -nan |  -nan | 100.0 |  69.5
               +-------+-------+-------+-------+-------+----------------------
